 Dungeon Crawl Stone Soup version 0.30-a0-586-g23e55c9e0a (webtiles) character file.

Game seed: 3249499336029640597

55274 MackTheKnife the Thaumaturge (level 14, -17/88 HPs)
             Began as a Deep Elf Earth Elementalist on Jan 3, 2023.
             Was a High Priest of Kikubaaqudgha.
             Killed by an exploding orc (19 damage)
             ... ignited by their inner flame
             ... on level 1 of the Orcish Mines.
             The game lasted 01:19:26 (23159 turns).

MackTheKnife the Thaumaturge (DEEE)                Turns: 23159, Time: 01:19:27

Health: -17/88     AC: 15    Str:  8    XL:     14   Next: 37%
Magic:  28/34      EV: 26    Int: 24    God:    Kikubaaqudgha [*****.]
Gold:   1449       SH:  0    Dex: 27    Spells: 14/42 levels left

rFire   + . .      SeeInvis .    S - +7 war axe "Moysovei" {pain, rF+ rC+, axe}
rCold   + . .      Faith    .    (no shield)
rNeg    . . .      Spirit   .    P - +0 steam dragon scales
rPois   +          Reflect  .    D - +2 helmet
rElec   +          Harm     .    u - +2 cloak of Altruism {rPois Str+3}
rCorr   .          Rampage  .    Q - +0 pair of gloves
Will    +....                    X - +2 pair of boots
Stlth   ++++++                   c - amulet of magic regeneration {@e2}
HPRegen 0.34/turn                k - ring of the Healing Gods {EV+5 Dex+4}
MPRegen 0.64/turn                m - ring "Mizes" {rElec Dex+6 Stlth+}

@: death channelling, animating dead, studying Unarmed Combat
A: no striking features
a: Renounce Religion, Unearth Wretches, Torment


You were on level 1 of the Orcish Mines.
You worshipped Kikubaaqudgha.
Kikubaaqudgha was extremely pleased with you.
You visited 4 branches of the dungeon, and saw 19 of its levels.
You also visited: Sewer.

You collected 2105 gold pieces.
You spent 656 gold pieces at shops.


   Skills:
 - Level 10.8 Fighting
 + Level 7.6 Axes
 - Level 9.5 Dodging
 - Level 9.8 Stealth
 - Level 14.5 Spellcasting
 - Level 4.4 Summonings
 - Level 12.0 Necromancy
 - Level 6.9 Transmutations
 - Level 7.3 Earth Magic


You had 14 spell levels left.
You knew the following spells:

 Your Spells              Type           Power      Damage    Failure   Level
a - Petrify               Tmut/Erth      51%        N/A       1%          4
b - Summon Small Mammal   Summ           100%       N/A       1%          1
c - Call Canine Familiar  Summ           38%        N/A       1%          3
d - Stone Arrow           Conj/Erth      70%        3d11      2%          3
e - Animate Dead          Necr           66%        N/A       1%          4
f - Blink                 Tloc           34%        N/A       4%          2
g - Borgnjor's Vile Clut  Necr/Erth      29%        N/A       1%          5
h - Death Channel         Necr           33%        N/A       3%          6

Your spell library contained the following spells:

 Spells                   Type           Power      Damage    Failure   Level
 Beastly Appendage        Tmut           100%       N/A       1%          1
 Kiss of Death            Conj/Necr      100%       2d13      1%          1
 Necrotise                Necr           100%       1d9       1%          1
 Sandblast                Erth           100%       2d20      1%          1
 Passwall                 Tmut/Erth      42%        N/A       1%          2
 Wereblood                Tmut           50%        N/A       1%          2
 Vampiric Draining        Necr           66%        2d10      1%          3
 Dispel Undead            Necr           66%        3d23      1%          4
 Agony                    Necr           66%        N/A       1%          5
 Spider Form              Tmut/Pois      34%        N/A       2%          3
 Anguish                  Hex/Necr       23%        N/A       2%          4
 Foxfire                  Conj/Fire      68%        2x1d7     3%          1
 Ignite Poison            Fire/Tmut/Pois 28%        N/A       3%          3
 Animate Armour           Summ/Erth      90%        N/A       3%          4
 Momentum Strike          Conj/Tloc      34%        3d8       4%          2
 Summon Guardian Golem    Hex/Summ       28%        N/A       4%          3
 Ice Form                 Ice/Tmut       34%        N/A       8%          4
 Hailstorm                Conj/Ice       17%        3d6       10%         3
 Inner Flame              Hex/Fire       17%        N/A       10%         3
 Kindle Blastsparks       Fire/Tloc/Air  34%        2d12      10%         3
 Lesser Beckoning         Tloc           34%        N/A       10%         3
 Summon Lightning Spire   Summ/Air       28%        N/A       13%         4
 Flame Wave               Conj/Fire      17%        2d7       32%         4
 Sticky Flame             Conj/Fire      17%        2d4       32%         4
 Summon Forest            Summ/Tloc      14%        N/A       36%         5
 Summon Mana Viper        Hex/Summ       28%        N/A       36%         5
 Simulacrum               Ice/Necr       23%        N/A       41%         6
 Summon Cactus Giant      Summ           19%        N/A       63%         6
 Fireball                 Conj/Fire      8%         3d6       67%         5
 Freezing Cloud           Conj/Ice/Air   8%         6-21      67%         5
 Starburst                Conj/Fire      8%         6d4       99%         6

Inventory:

Hand Weapons
 a - a +2 dagger of venom {short}
   (You took it off a goblin on level 3 of the Dungeon)
 G - a +4 quarterstaff of chaos {staff}
   (You took it off Crazy Yiuf on level 2 of the Dungeon)
 S - the +7 war axe "Moysovei" (weapon) {pain, rF+ rC+, axe}
   (You found it on level 5 of the Lair of Beasts)

   In the hands of one skilled in necromantic magic, it inflicts extra damage on
   living creatures.
   rF:        It protects you from fire.
   rC:        It protects you from cold.
Missiles
 h - 6 throwing nets {=f!fthrowing}
 j - a curare-tipped dart {=fthrowing}
Armour
 u - the +2 cloak of Altruism (worn) {rPois Str+3}
   (You bought it in a shop on level 2 of the Dungeon)

   Str:       It affects your strength (+3).
   rPois:     It protects you from poison.
 C - a +0 cloak of willpower
   (You took it off Crazy Yiuf on level 2 of the Dungeon)
 D - a +2 helmet (worn)
   (You took it off Robin on level 3 of the Dungeon)
 P - +0 steam dragon scales (worn)
   (You found it on level 7 of the Dungeon)
 Q - a +0 pair of gloves (worn)
   (You found it on level 12 of the Dungeon)
 X - a +2 pair of boots (worn)
   (You found it on level 5 of the Dungeon)
Magical Staves
 b - a staff of earth {!astaff}
   (You found it on level 8 of the Dungeon)
Jewellery
 c - an amulet of magic regeneration (around neck) {@e2}
   (You found it on level 7 of the Dungeon)
 e - a ring of protection from fire
   (You found it on level 7 of the Dungeon)
 i - a ring of wizardry
   (You found it on level 1 of the Lair of Beasts)
 k - the ring of the Healing Gods (left hand) {EV+5 Dex+4}
   (You acquired it on level 2 of the Lair of Beasts)

   [ring of evasion]

   EV:        It affects your evasion (+5).
   Dex:       It affects your dexterity (+4).
 l - a ring of poison resistance
   (You found it on level 4 of the Lair of Beasts)
 m - the ring "Mizes" (right hand) {rElec Dex+6 Stlth+}
   (You found it on level 7 of the Dungeon)

   [ring of dexterity]

   Dex:       It affects your dexterity (+6).
   rElec:     It insulates you from electricity.
   Stlth:     It makes you more stealthy.
 z - a ring of positive energy
   (You found it on level 9 of the Dungeon)
 I - a ring of protection from cold
   (You found it on level 4 of the Lair of Beasts)
 K - a ring of flight
   (You found it on level 5 of the Lair of Beasts)
 L - the amulet "Xorhiamm" {Faith rF+}
   (You found it on level 4 of the Lair of Beasts)

   [amulet of faith]

   It allows you to gain divine favour quickly.
   rF:        It protects you from fire.
 M - an amulet of reflection
   (You found it on level 5 of the Lair of Beasts)
Wands
 p - a wand of flame (14)
   (You found it on level 7 of the Dungeon)
 v - a wand of polymorph (11)
   (You found it on level 2 of the Lair of Beasts)
 y - a wand of mindburst (8)
   (You found it on level 2 of the Lair of Beasts)
 A - a wand of digging (12)
   (You found it on level 9 of the Dungeon)
 R - a wand of iceblast (3)
   (You found it on level 11 of the Dungeon)
Scrolls
 d - a scroll of blinking {!r}
 o - 8 scrolls of fog
 q - 4 scrolls of vulnerability {!r!r}
 r - 4 scrolls of enchant weapon
 x - a scroll of immolation {!r!r}
 F - 2 scrolls of magic mapping {!r}
 J - 5 scrolls of teleportation {@r4}
 N - a scroll of summoning
 O - 2 scrolls of poison
 Y - a scroll of fear
 Z - 3 scrolls of amnesia
Potions
 f - 6 potions of haste {@q3}
 g - a potion of lignification {!q}
 n - a potion of invisibility {unknown}
 s - 6 potions of mutation {!q}
 t - 4 potions of flight
 w - a potion of magic
 B - 6 potions of curing {@q1}
 E - 4 potions of brilliance
 H - 3 potions of ambrosia
 T - 7 potions of heal wounds {@q2}
 U - 2 potions of might {unknown}
 V - 3 potions of resistance
 W - 2 potions of cancellation

Dungeon Overview and Level Annotations

Branches:
Dungeon (12/15) Zot: 25499  Temple (1/1) D:6 Zot: 5828    Lair (5/5) D:8 Zot: 24344
  Swamp (0/4) Lair:3        Snake (0/4) Lair:3        Slime (0/5) Lair:5
    Orc (1/2) D:12 Zot: 5983   Sewer (visited)

Altars:
Ashenzari
Cheibriados
Dithmenos
Elyvilon
Fedhas
Gozag
Hepliaklqana
Kikubaaqudgha
Makhleb
Nemelex Xobeh
Okawaru
Qazlal
Ru
Sif Muna
Trog
Uskayaw
Vehumet
Wu Jian
Xom
Yredelemnul
Zin
The Shining One
Jiyva

Shops:
D:2 [   D:11 (!(

Annotations:
D:4 exclusions: downstairs and 2 killer bees
D:5 Pikel
D:7 2 transporters, Dominolapin's ghost, journeyman OgBe
D:9 exclusion: downstairs
D:12 1 runed translucent door, GrimJard's ghost, journeyman DrCj
Lair:2 exclusions: door and downstairs
Orc:1 Maurice

.#... ####...
.#..# .#.....
.... .......
#..Z $......
##.§§ Z......
..#.§§§#§§§...#
...Z§○§○§§§....
{$.§§§§@○§§Z...
...§§#○§○§Z§...
#.. #§§§§§§...
# )Z§§§§#...
§§§§§§§# ..
...§§§.§§ .
...........
...........#.


You could see a spectral gnoll sergeant (ally target), a spectral orc warrior
(ally target), a friendly spectral gnoll, a friendly spectral orc, a friendly
spectral orc priest and a friendly spectral orc wizard.


Message History

Kikubaaqudgha accepts your kill.
The fiery explosion engulfs the orc warrior.
Flame seeps out of the orc warrior.
The fiery explosion engulfs the orc wizard!!
Kikubaaqudgha accepts your kill.
The fiery explosion engulfs the gnoll sergeant!
Flame seeps out of the gnoll sergeant.
The orc wizard explodes!
The fiery explosion engulfs the gnoll sergeant!!
Kikubaaqudgha accepts your kill.
The fiery explosion engulfs your spectral orc wizard!!!
You destroy your spectral orc wizard!
The gnoll sergeant explodes!
The fiery explosion engulfs the orc warrior!!
Kikubaaqudgha accepts your kill.
The fiery explosion engulfs the gnoll!!
Kikubaaqudgha accepts your kill.
The gnoll explodes!
The orc warrior explodes!
The fiery explosion engulfs the orc!
Kikubaaqudgha accepts your kill.
The fiery explosion engulfs the orc!!
Kikubaaqudgha accepts your kill.
The fiery explosion engulfs your spectral orc warrior!
The orc explodes!
The fiery explosion engulfs your spectral orc!!
You destroy your spectral orc!
The fiery explosion engulfs the orc knight!!
Flame seeps out of the orc knight.
The fiery explosion engulfs the orc priest!!!
Kikubaaqudgha accepts your kill.
The orc priest explodes!
The fiery explosion engulfs the orc!
Kikubaaqudgha accepts your kill.
The fiery explosion engulfs the orc knight!!!
Kikubaaqudgha accepts your kill.
The orc knight explodes!
The fiery explosion engulfs your spectral orc knight!!!
The fiery explosion engulfs you. You resist.
* * * LOW HITPOINT WARNING * * *
The orc explodes! x2
The fiery explosion engulfs your spectral orc priest.
The fiery explosion engulfs the orc!!
Kikubaaqudgha accepts your kill.
The fiery explosion engulfs your spectral orc!!!
You destroy your spectral orc!
The fiery explosion engulfs your spectral gnoll!
The orc explodes!
The fiery explosion engulfs the spectral gnoll!!
You destroy the spectral gnoll!
The fiery explosion engulfs the spectral orc priest!!
You destroy the spectral orc priest!
The orc wizard explodes!
The orc warrior explodes!
The fiery explosion engulfs your spectral orc!!
You destroy your spectral orc!
The fiery explosion engulfs the spectral orc warrior!!!
You destroy the spectral orc warrior!
The fiery explosion engulfs your spectral gnoll sergeant!!
The orc priest explodes!
The fiery explosion engulfs your spectral orc!!
You destroy your spectral orc!
The orc wizard explodes!
The fiery explosion engulfs you! You resist.
* * * LOW HITPOINT WARNING * * *
The fiery explosion engulfs your spectral orc warrior!
The orc warrior explodes!
The fiery explosion engulfs the orc!!!
Kikubaaqudgha accepts your kill.
The fiery explosion engulfs the orc!!
Kikubaaqudgha accepts your kill.
The fiery explosion engulfs your spectral orc wizard!
The fiery explosion engulfs the orc warrior!!
Kikubaaqudgha accepts your kill.
The fiery explosion engulfs the spectral orc knight!!
You destroy the spectral orc knight!
The orc warrior explodes!
The fiery explosion engulfs the spectral orc wizard!!
You destroy the spectral orc wizard!
The orc explodes!
The fiery explosion engulfs your spectral orc warrior!
The fiery explosion engulfs your spectral orc!
You destroy your spectral orc!
The orc explodes! x2
The fiery explosion engulfs your spectral orc warrior!!
You destroy your spectral orc warrior!
The fiery explosion engulfs your spectral orc!!
You destroy your spectral orc!
The orc explodes!
The fiery explosion engulfs you! You resist.
* * * LOW HITPOINT WARNING * * *
The fiery explosion engulfs your spectral orc!!
You destroy your spectral orc!
The orc explodes!
The fiery explosion engulfs your spectral orc!!!
You destroy your spectral orc!
The fiery explosion engulfs your spectral orc!!
You destroy your spectral orc!
The fiery explosion engulfs your spectral orc warrior!!
You destroy your spectral orc warrior!
The fiery explosion engulfs you! You resist.
* * * LOW HITPOINT WARNING * * *
The fiery explosion engulfs the spectral orc warrior!!!
You destroy the spectral orc warrior!
The orc explodes!
The fiery explosion engulfs your spectral orc!!!
You destroy your spectral orc!
The fiery explosion engulfs you!! You resist.
You die...
Kikubaaqudgha rasps: "You have failed me!
Welcome... death!"

Skill      XL: |  1  2  3  4  5  6  7  8  9 10 11 12 13 14 |
---------------+-------------------------------------------+-----
Stealth        | 3 4 9 |  9.8
Summonings     | 1 2 3 4 |  4.4
Spellcasting   | 4 5 6 7 14 | 14.5
Earth Magic    | 5 7 |  7.3
Transmutations | 6 |  6.9
Fighting       | 3 6 7 10 | 10.8
Dodging        | 5 9 |  9.5
Necromancy     | 11 12 | 12.0
Axes           | 4 7 |  7.6

Action                   |  1- 3 |  4- 6 |  7- 9 | 10-12 | 13-15 || total
-------------------------+-------+-------+-------+-------+-------++-------
Melee: Short sword       |     3 |     5 |       |       |       ||     8
       Punch             |     1 |       |       |     5 |     7 ||    13
       Whip              |     8 |     7 |       |       |       ||    15
       Dagger            |       |    61 |    24 |   162 |     1 ||   248
       Staff             |       |       |       |     9 |    20 ||    29
       War axe           |       |       |       |       |   104 ||   104
Throw: Stone             |     1 |       |     5 |       |       ||     6
       Boomerang         |     9 |    13 |     9 |       |       ||    31
       Dart              |       |       |     1 |       |       ||     1
 Cast: Sandblast         |    39 |    43 |       |       |       ||    82
       Summon Small Mamm |    30 |    43 |    14 |       |     2 ||    89
       Call Canine Famil |       |    26 |    43 |     7 |       ||    76
       Stone Arrow       |       |     2 |   104 |   126 |    99 ||   331
       Petrify           |       |       |     4 |    60 |    12 ||    76
       Borgnjor's Vile C |       |       |       |    18 |    29 ||    47
       Animate Dead      |       |       |       |     5 |     8 ||    13
       Death Channel     |       |       |       |     2 |    16 ||    18
       Blink             |       |       |       |       |     1 ||     1
Invok: Unearth Wretches  |       |       |       |     3 |     6 ||     9
Evoke: Wand              |       |       |     2 |     1 |     4 ||     7
  Use: Scroll            |     1 |     6 |    10 |     9 |     8 ||    34
       Potion            |       |     1 |     1 |     3 |     2 ||     7
 Stab: Sleeping          |     2 |     5 |     4 |    18 |     1 ||    30
       Distracted        |       |     1 |       |     1 |       ||     2
       Petrified         |       |       |     2 |    55 |    20 ||    77
       Petrifying        |       |       |     1 |     6 |       ||     7
Armor: Robe              |     5 |    23 |     1 |       |       ||    29
       Skin              |       |     9 |       |    23 |       ||    32
       Steam dragon scal |       |       |     3 |    46 |    50 ||    99
Dodge: Dodged            |    11 |    62 |    35 |   214 |   308 ||   630

Levels and vault maps discovered:
D:1:      lightli_arrival_boilingwater, layout_loops_corners
D:2:      layout_rooms, shapermc_ecumenical_altar_notcrosses, serial_shops,
          shop, amcnicky_mini_corridor_feature, dk_vineyard_2,
          minmay_snake_closets, uniq_sigmund, uniq_natasha,
          uniq_crazy_yiuf_cottage
D:3:      layout_basic, roderic_roman_lattice, minmay_quantized, uniq_robin
D:4:      layout_basic, nicolae_grassy_gnolls
D:5:      minmay_evil_eye, layout_loops_corners, kennysheep_little_box,
          gup_sewer_entry_glass, uniq_pikel
D:6:      layout_loops_ring, lemuel_temple_firewalk_a, minivault_10,
          eino_curves_02
D:7:      layout_rooms, gammafunk_ghost_arena
D:8:      layout_rooms, grunt_lair_entry_orc_guard_hut, uniq_erica
D:9:      layout_layer_cave, pdpol_temple_overflow_zin_treasury_gozag_greed
D:10:     layout_small_grid, minitemple, small_statue_intersection
D:11:     layout_roguey, nicolae_wooded_promenade
D:12:     layout_loops_cross, kennysheep_orc_monster_closet_entryway,
          ebering_ghost_xom, serial_undead, serial_undead_c, serial_undead_a,
          serial_undead_d, serial_undead_a
Temple:   minmay_temple_bridge_d
Lair:1:   layout_long_grid
Lair:2:   lemuel_slime, layout_loops_ring, infiniplex_staircase_pool
Lair:3:   layout_loops_ring, nicolae_swamp_entry_splash_gauntlet,
          nicolae_snake_entry_squirm, special_room [special_room_mythical_zoo],
          grunt_forest_small_clearings
Lair:4:   layout_cave_pods, grunt_megastairs_2
Lair:5:   hangedman_lair_tendril_chambers, layout_regular_city,
          minmay_slime_entry_pillars
Orc:1:    cheibrodos_orc_bank, layout_caves, serial_shops, shop, uniq_maurice

Notes
Turn   | Place    | Note
-------+----------+-------------------------------------------
     0 | D:1      | MackTheKnife the Deep Elf Earth Elementalist began the
                  | quest for the Orb.
     0 | D:1      | Reached XP level 1. HP: 10/10 MP: 6/6
     0 | D:1      | magus.rc [v1.9.6]
   456 | D:1      | Reached skill level 3 in Stealth
   472 | D:1      | You pick up a book of Callings and begin reading...
   472 | D:1      | You add the spells Summon Small Mammal, Call Canine
                  | Familiar and Summon Guardian Golem to your library.
   475 | D:1      | Learned a level 1 spell: Summon Small Mammal
   490 | D:1      | You pick up a book of Flames and begin reading...
   490 | D:1      | You add the spells Inner Flame, Sticky Flame and Flame Wave
                  | to your library.
  1091 | D:1      | Reached XP level 2. HP: 15/15 MP: 1/8
  1317 | D:2      | Found Tirriaxi's Armour Emporium.
  1393 | D:2      | Reached skill level 4 in Stealth
  1417 | D:2      | Noticed Natasha
  1605 | D:2      | Noticed Sigmund
  1659 | D:2      | Reached skill level 1 in Summonings
  1675 | D:2      | Found a faded altar of an unknown god.
  1703 | D:2      | You pick up a book of Changes and begin reading...
  1703 | D:2      | You add the spells Beastly Appendage, Wereblood and Spider
                  | Form to your library.
  1736 | D:2      | Found a runed translucent door.
  1737 | D:2      | Noticed Crazy Yiuf
  1798 | D:2      | Reached XP level 3. HP: 19/19 MP: 5/9
  1802 | D:2      | Learned a level 3 spell: Call Canine Familiar
  1806 | D:2      | Learned a level 3 spell: Stone Arrow
  1841 | D:2      | Reached skill level 2 in Summonings
  2460 | D:3      | Reached XP level 4. HP: 24/24 MP: 6/11
  2725 | D:3      | Reached skill level 4 in Spellcasting
  2894 | D:3      | Noticed Robin
  3087 | D:3      | Reached skill level 3 in Summonings
  3285 | D:3      | Killed Robin
  3486 | D:4      | Reached XP level 5. HP: 28/28 MP: 11/13
  3779 | D:4      | Reached skill level 5 in Spellcasting
  3901 | D:4      | Reached skill level 4 in Summonings
  4270 | D:5      | Entered Level 5 of the Dungeon
  4342 | D:5      | Reached XP level 6. HP: 32/32 MP: 14/16
  4475 | D:5      | Found a glowing drain.
  4513 | Sewer    | Entered a sewer
  4569 | Sewer    | Reached skill level 6 in Spellcasting
  4886 | Sewer    | Reached skill level 4 in Earth Magic
  5308 | D:5      | Reached skill level 5 in Earth Magic
  5410 | D:5      | Reached XP level 7. HP: 36/36 MP: 11/18
  5786 | D:5      | Reached skill level 6 in Earth Magic
  5892 | D:5      | Found a shimmering altar of Xom.
  7241 | D:6      | Reached skill level 7 in Spellcasting
  7241 | D:6      | Reached skill level 7 in Earth Magic
  7567 | D:6      | Reached XP level 8. HP: 35/41 MP: 8/21
  7919 | D:6      | Found a staircase to the Ecumenical Temple.
  7928 | Temple   | Entered the Ecumenical Temple
  8030 | Temple   | Became a worshipper of Kikubaaqudgha
  8155 | D:6      | Reached skill level 5 in Stealth
  8249 | D:6      | You add the spells Animate Armour and Summon Lightning
                  | Spire to your library.
  8249 | D:6      | Got the Tome of Allies
  8538 | D:7      | Found a transporter.
  8540 | D:7      | Noticed Dominolapin's ghost (journeyman OgBe)
  8541 | D:7      | Found a transporter.
  8541 | D:7      | Noticed a troll
  8654 | D:7      | Reached skill level 6 in Stealth
  8837 | D:7      | Reached skill level 7 in Stealth
  9126 | D:7      | Reached skill level 8 in Stealth
  9496 | D:7      | Reached skill level 9 in Stealth
  9897 | D:7      | Identified the ring "Mizes" {rElec Dex+6 Stlth+}
  9908 | D:7      | Learned a level 4 spell: Petrify
  9997 | D:7      | Reached XP level 9. HP: 45/45 MP: 16/22
 10043 | D:7      | Reached skill level 2 in Transmutations
 10128 | D:7      | Reached skill level 3 in Transmutations
 10319 | D:8      | You pick up a book of the Tundra and begin reading...
 10319 | D:8      | You add the spells Hailstorm, Ice Form and Simulacrum to
                  | your library.
 10415 | D:8      | Reached * piety under Kikubaaqudgha
 10415 | D:8      | You add the spells Kiss of Death, Necrotise, Vampiric
                  | Draining and Animate Dead to your library.
 10415 | D:8      | Received a gift from Kikubaaqudgha
 10415 | D:8      | Noticed a two-headed ogre
 10416 | D:8      | Reached skill level 4 in Transmutations
 10431 | D:8      | Killed a two-headed ogre
 10432 | D:8      | Reached skill level 6 in Transmutations
 10505 | D:8      | Reached skill level 1 in Fighting
 10505 | D:8      | Reached skill level 3 in Dodging
 10520 | D:8      | Noticed Erica
 10580 | D:8      | Reached skill level 4 in Dodging
 10603 | D:8      | Reached skill level 2 in Fighting
 10809 | D:8      | Found a staircase to the Lair.
 10822 | D:8      | HP: 3/49 [orc warrior/+0 long sword (12)]
 10834 | D:8      | Reached skill level 5 in Dodging
 11019 | D:9      | Reached skill level 3 in Fighting
 11123 | D:9      | Found a glowing silver altar of Zin.
 11150 | D:9      | Learned a level 4 spell: Animate Dead
 11356 | D:9      | Reached XP level 10. HP: 55/56 MP: 12/23
 11392 | D:9      | You add the spells Kindle Blastsparks, Ignite Poison and
                  | Freezing Cloud to your library.
 11523 | D:9      | Reached skill level 6 in Dodging
 11535 | D:9      | Reached ** piety under Kikubaaqudgha
 11543 | D:9      | Reached skill level 4 in Fighting
 11633 | D:9      | Upgraded the game from 0.30-a0-585-g93115170b9 to
                  | 0.30-a0-586-g23e55c9e0a
 11633 | D:9      | magus.rc [v1.9.6]
 12094 | D:9      | Paralysed by a hornet for 1 turns
 12098 | D:9      | Reached skill level 7 in Dodging
 12512 | D:9      | Found an opulent altar of Gozag.
 12892 | D:2      | Bought the +2 cloak of Altruism {rPois Str+3} for 416 gold
                  | pieces
 12991 | D:2      | Killed Sigmund
 13116 | D:2      | Killed Natasha
 13251 | D:2      | Noticed Natasha
 13256 | D:2      | Killed Natasha
 13300 | D:2      | Killed Crazy Yiuf
 13511 | D:2      | Noticed Natasha
 13517 | D:2      | Killed Natasha
 13678 | D:5      | Noticed Pikel
 13801 | D:8      | Killed Erica
 13802 | D:8      | Reached skill level 5 in Fighting
 13802 | D:8      | Reached skill level 8 in Dodging
 13892 | D:10     | Entered Level 10 of the Dungeon
 13892 | D:10     | Found a basalt altar of Yredelemnul.
 13956 | D:10     | Reached *** piety under Kikubaaqudgha
 13956 | D:10     | You add the spells Anguish, Dispel Undead, Agony,
                  | Borgnjor's Vile Clutch and Death Channel to your library.
 13956 | D:10     | Received a gift from Kikubaaqudgha
 14178 | D:10     | You pick up a book of the Wilderness and begin reading...
 14178 | D:10     | You add the spells Summon Forest, Summon Mana Viper and
                  | Summon Cactus Giant to your library.
 14198 | D:10     | Found a shadowy altar of Dithmenos.
 14301 | D:10     | Reached skill level 9 in Dodging
 14311 | D:10     | Reached skill level 6 in Fighting
 14760 | D:10     | Noticed a two-headed ogre
 14765 | D:10     | You pick up a book of Spatial Translocations and begin
                  | reading...
 14765 | D:10     | You add the spells Blink, Momentum Strike and Lesser
                  | Beckoning to your library.
 14772 | D:10     | Killed a two-headed ogre
 14773 | D:10     | Reached XP level 11. HP: 64/64 MP: 24/24
 14777 | D:10     | Learned a level 2 spell: Blink
 14953 | Lair:1   | Entered Level 1 of the Lair of Beasts
 14983 | D:8      | Identified a scroll of acquirement
 14983 | D:8      | Acquired 904 gold pieces
 15006 | Lair:1   | Reached skill level 1 in Necromancy
 15048 | Lair:1   | Reached skill level 3 in Necromancy
 15221 | Lair:1   | Reached skill level 4 in Necromancy
 15329 | Lair:1   | Reached skill level 5 in Necromancy
 15390 | Lair:1   | Reached skill level 6 in Necromancy
 15416 | Lair:1   | Learned a level 5 spell: Borgnjor's Vile Clutch
 15480 | Lair:1   | Reached skill level 7 in Necromancy
 15587 | Lair:1   | Reached skill level 8 in Necromancy
 16019 | Lair:2   | You fall into a shaft and drop 1 floor!
 16019 | Lair:3   | Noticed an eight-headed hydra
 16095 | Lair:2   | Acquired the ring of the Healing Gods {EV+5 Dex+4}
 16144 | Lair:2   | Reached skill level 9 in Necromancy
 16613 | Lair:3   | Noticed a death yak
 16652 | Lair:3   | Killed an eight-headed hydra
 16653 | Lair:3   | Reached skill level 10 in Necromancy
 16831 | Lair:3   | Reached skill level 11 in Necromancy
 17018 | Lair:3   | Reached XP level 12. HP: 70/70 MP: 17/25
 17042 | Lair:3   | Reached skill level 12 in Necromancy
 17088 | Lair:3   | Reached skill level 8 in Spellcasting
 17088 | Lair:3   | magus.rc [v1.9.6]
 17168 | Lair:3   | Found a staircase to the Snake Pit.
 17272 | Lair:3   | Noticed a death yak
 17273 | Lair:3   | Noticed a death yak
 17277 | Lair:3   | Noticed a death yak
 17308 | Lair:3   | Killed a death yak
 17309 | Lair:3   | Reached skill level 9 in Spellcasting
 17343 | Lair:3   | Noticed a death yak
 17344 | Lair:3   | Noticed a death yak
 17365 | Lair:3   | Killed a death yak
 17366 | Lair:3   | Reached skill level 10 in Spellcasting
 17370 | Lair:3   | Killed a death yak
 17376 | Lair:3   | Reached skill level 11 in Spellcasting
 17382 | Lair:3   | Killed a death yak
 17385 | Lair:3   | Killed a death yak
 17386 | Lair:3   | Reached skill level 12 in Spellcasting
 17388 | Lair:3   | Killed a death yak
 17585 | Lair:3   | Reached **** piety under Kikubaaqudgha
 17586 | Lair:3   | Reached skill level 13 in Spellcasting
 17784 | Lair:3   | Found a staircase to the Swamp.
 18204 | Lair:4   | Reached skill level 14 in Spellcasting
 18296 | Lair:4   | Learned a level 6 spell: Death Channel
 18432 | Lair:4   | Identified the amulet "Xorhiamm" {Faith rF+}
 18507 | Lair:4   | Reached skill level 7 in Fighting
 18537 | Lair:4   | Reached XP level 13. HP: 76/76 MP: 16/33
 18643 | Lair:4   | Reached skill level 8 in Fighting
 19156 | Lair:5   | Entered Level 5 of the Lair of Beasts
 19282 | Lair:5   | Reached skill level 9 in Fighting
 19309 | Lair:5   | Found a viscous altar of Jiyva.
 19310 | Lair:5   | Found a staircase to the Slime Pits.
 19464 | Lair:5   | Reached skill level 10 in Fighting
 19583 | Lair:5   | Identified the +7 war axe "Moysovei" {pain, rF+ rC+}
 20160 | Lair:5   | HP: 18/84 [redback (5)]
 20163 | Lair:5   | Reached skill level 1 in Axes
 20235 | Lair:5   | Reached skill level 2 in Axes
 20941 | D:11     | Found Mummapar's Weapon Emporium.
 20953 | D:11     | Found Jielacei's Distillery.
 20975 | D:11     | Reached skill level 3 in Axes
 20978 | D:11     | Found Voakousk's Weapon Emporium.
 20987 | D:11     | Bought a potion of resistance for 160 gold pieces
 20987 | D:11     | Bought a potion of heal wounds for 80 gold pieces
 21411 | D:11     | Reached skill level 4 in Axes
 21675 | D:12     | Reached XP level 14. HP: 44/88 MP: 14/34
 21880 | D:12     | Reached skill level 5 in Axes
 22226 | D:12     | Reached skill level 6 in Axes
 22346 | D:12     | You pick up a book of Fire and begin reading...
 22346 | D:12     | You add the spells Foxfire, Fireball and Starburst to your
                  | library.
 22514 | D:12     | Reached skill level 7 in Axes
 22558 | D:12     | Found a runed translucent door.
 22560 | D:12     | Found a shimmering altar of Xom.
 22560 | D:12     | Noticed GrimJard's ghost (journeyman DrCj)
 22577 | D:12     | Found a staircase to the Orcish Mines.
 22579 | D:12     | Reached ***** piety under Kikubaaqudgha
 22912 | Orc:1    | Entered Level 1 of the Orcish Mines
 22918 | Orc:1    | Noticed Maurice
 23153 | D:12     | magus.rc [v1.9.6]
 23159 | Orc:1    | HP: 18/88 [spore (11)]
 23159 | Orc:1    | HP: 2/88 [spore (16)]
 23159 | Orc:1    | Killed by an exploding orc... ignited by their inner flame

Vanquished Creatures
  A hydra (Lair:3)
  A catoblepas (D:12)
  Erica (D:8)
  5 two-headed ogres
  A boulder beetle (D:11)
  3 death yaks (Lair:3)
  2 bog bodies (Lair:3)
  A deep elf pyromancer (D:12)
  An orc knight (Orc:1)
  2 manticores
  A cyclops (D:11)
  An ugly thing (D:12)
  An orc sorcerer (Orc:1)
  6 elephants
  3 centaur zombies (D:12)
  2 black mambas
  A gargoyle (D:12)
  A rime drake (Lair:1)
  10 cane toads
  An unseen horror (D:12)
  3 kobold demonologists (D:12)
  3 komodo dragons
  4 trolls
  3 hornets
  2 blink frogs (Lair:4)
  Sigmund (D:2)
  2 vampires (D:12)
  6 wyverns
  5 shadows
  3 basilisks
  19 yaks
  A steam dragon (D:7)
  An acid dragon (D:9)
  3 nagas (Lair:3)
  10 water moccasins
  A black bear (Lair:1)
  13 orc warriors
  An ice beast (D:6)
  2 sky beasts
  11 wolves
  2 centaurs (D:10)
  4 ogres (D:12)
  A lemure (D:5)
  9 kobold brigands
  11 bullfrogs
  A necrophage (D:6)
  5 scorpions
  2 gnoll sergeants
  10 wights
  8 killer bees
  3 howler monkeys (D:10)
  An electric eel (Lair:3)
  2 hounds (D:5)
  5 jellies
  A gnoll bouda (D:5)
  Crazy Yiuf (D:2)
  9 orc priests
  2 iguanas (D:5)
  Natasha (thrice) (D:2)
  3 hell rats (Lair:3)
  11 orc wizards
  Robin (D:3)
  9 gnolls
  5 river rats (Sewer)
  9 adders
  A white imp (D:7)
  2 ufetubi
  A worm (D:1)
  4 dart slugs
  54 orcs
  3 endoplasms
  4 giant cockroaches
  6 goblins
  5 hobgoblins
  A jackal (D:4)
  3 quokkas
  18 ball pythons
  6 bats
  9 frilled lizards
  13 kobolds
  10 rats
397 creatures vanquished.

Vanquished Creatures (collateral kills)
  A hydra (Lair:5)
  3 death yaks (Lair:3)
  A bog body (Lair:3)
  A wolf spider (Lair:5)
  A manticore (D:11)
  6 elephants
  5 black mambas
  6 centaur zombies (D:12)
  A guardian serpent (Lair:5)
  4 cane toads
  An unseen horror (D:11)
  2 komodo dragons
  A rime drake (Lair:3)
  A hornet (Lair:5)
  A polar bear (Lair:4)
  11 blink frogs
  4 dream sheep (Lair:5)
  2 slime creatures (Lair:5)
  A shadow (D:12)
  A vampire (D:11)
  11 wyverns
  8 yaks
  2 basilisks
  4 redbacks (Lair:5)
  A swamp worm (Lair:3)
  8 water moccasins
  An ogre (Orc:1)
  A black bear (D:5)
  3 wolves (Lair:4)
  A kobold brigand (D:9)
  A scorpion (D:7)
  2 bullfrogs
  2 wights
  3 killer bees (D:11)
  3 jellies
  4 hell rats (Lair:3)
  9 gnolls
  3 adders
  A dart slug (D:4)
  14 orcs
  An endoplasm (D:4)
  2 giant cockroaches (D:5)
  7 goblins
  2 jackals (D:4)
  5 kobolds
  A quokka (D:4)
  2 ball pythons (Sewer)
  4 frilled lizards
  4 rats (Sewer)
  A fungus (Lair:4)
165 creatures vanquished.

Vanquished Creatures (others)
  A hydra (Lair:4)
  An orc knight (D:12)
  An orc sorcerer (Orc:1)
  A black mamba (Lair:5)
  A cane toad (Lair:1)
  A rime drake (Lair:5)
  2 death yak zombies (Lair:3)
  2 komodo dragons (Lair:5)
  A blink frog (Lair:4)
  A wyvern (Lair:3)
  3 basilisks
  2 water moccasins (Lair:5)
  An orc warrior (Orc:1)
  A dream sheep zombie (Lair:5)
  2 blink frog zombies (Lair:5)
  An elephant zombie (Lair:4)
  An ogre (D:12)
  2 rime drake zombies
  3 bullfrogs
  4 wyvern zombies (Lair:3)
  6 water moccasin zombies
  12 yak zombies
  4 wolf zombies (Lair:3)
  2 basilisk zombies
  2 bullfrog zombies
  2 killer bee zombies (D:11)
  7 kobold zombies (D:12)
  An ogre zombie (D:12)
  5 hell rat zombies (Lair:3)
  A ball python (D:11)
  A bat (D:11)
  A bat zombie (D:11)
  A goblin (D:12)
  A ball python zombie (D:11)
  A goblin zombie (D:12)
  6 orc zombies (Orc:1)
  A rat (D:11)
  59 fungi
  78 plants
223 creatures vanquished.

Grand Total: 785 creatures vanquished

Table legend:
 A = Non-vault XP
 B = Vault XP
 C = Vault XP percentage of total XP
 D = Non-vault monster count
 E = Vault monster count
 F = Vault count percentage of total count
                 A         B        C        D         E       F
            +---------+---------+-------+---------+---------+-------
      Total |   56095 |   24430 |  30.3 |     381 |     180 |  32.1
            +---------+---------+-------+---------+---------+-------
        D:1 |      16 |       0 |   0.0 |       8 |       0 |   0.0
        D:2 |     102 |     371 |  78.4 |      18 |      16 |  47.1
        D:3 |      49 |      59 |  54.6 |      21 |      18 |  46.2
        D:4 |     129 |      56 |  30.3 |      21 |       4 |  16.0
        D:5 |     534 |     182 |  25.4 |      18 |      12 |  40.0
        D:6 |     490 |       0 |   0.0 |       8 |       0 |   0.0
        D:7 |    1349 |       0 |   0.0 |      25 |       0 |   0.0
        D:8 |    1626 |    1405 |  46.4 |      13 |       6 |  31.6
        D:9 |    2359 |       0 |   0.0 |      42 |       0 |   0.0
       D:10 |    2337 |       0 |   0.0 |      14 |       0 |   0.0
       D:11 |    4523 |       0 |   0.0 |      17 |       0 |   0.0
       D:12 |    7385 |    6797 |  47.9 |      27 |      34 |  55.7
     Lair:1 |    5077 |       0 |   0.0 |      21 |       0 |   0.0
     Lair:2 |    1333 |      44 |   3.2 |       6 |       2 |  25.0
     Lair:3 |   10846 |    5052 |  31.8 |      31 |      23 |  42.6
     Lair:4 |    8614 |     707 |   7.6 |      32 |       2 |   5.9
     Lair:5 |    6945 |    9642 |  58.1 |      23 |      38 |  62.3
      Orc:1 |    2381 |       0 |   0.0 |      36 |       0 |   0.0
      Sewer |       0 |     115 | 100.0 |       0 |      25 | 100.0
            +---------+---------+-------+---------+---------+-------

Illustrated notes

Table legend:
 A = Kills in this place as a percentage of kills in entire the game.
 B = Kills by you in this place as a percentage of kills by you in the entire game.
 C = Kills by friends in this place as a percentage of kills by friends in the entire game.
 D = Other kills in this place as a percentage of other kills in the entire game.
 E = Experience gained in this place as a percentage of experience gained in the entire game.
 F = Experience gained in this place divided by the number of levels of this place that you have seen.
                   A       B       C       D       E      F
               +-------+-------+-------+-------+-------+----------------------
         Total | 100.0 | 100.0 | 100.0 | 100.0 | 100.0 | 4026.2
       Dungeon |  57.4 |  64.4 |  40.9 |   0.0 |  37.0 | 2480.8
          Lair |  31.7 |  22.7 |  53.0 | 100.0 |  59.9 | 9652.0
  Orcish Mines |   6.4 |   8.8 |   0.6 |   0.0 |   3.0 | 2381.0
         Sewer |   4.5 |   4.0 |   5.5 |   0.0 |   0.1 | 115.0
               +-------+-------+-------+-------+-------+----------------------

Table legend: (Time is in decaauts)
 A = Elapsed time spent in this place.
 B = Non-inter-level travel time spent in this place.
 C = Inter-level travel time spent in this place.
 D = Time resting spent in this place.
 E = Time spent auto-exploring this place.
 F = Levels seen in this place.
 G = Mean time per level.
                   A        B        C        D        E       F      G
               +--------+--------+--------+--------+--------+-----+--------+
         Total |  23314 |  21526 |   1788 |   5086 |  10142 |  20 | 1165.7 |
       Dungeon |  16917 |  15551 |   1366 |   4176 |   6815 |  12 | 1409.8 |
        Temple |    171 |     85 |     86 |      0 |     60 |   1 |  171.0 |
          Lair |   5655 |   5320 |    335 |    763 |   3219 |   5 | 1131.0 |
  Orcish Mines |     16 |     16 |      0 |      0 |      0 |   1 |   16.0 |
         Sewer |    554 |    554 |      0 |    147 |     47 |   1 |  554.0 |
               +--------+--------+--------+--------+--------+-----+--------+

Top non-repeatable levels by time:
     D:5: 2089 daAuts
     D:9: 1875 daAuts
     D:6: 1660 daAuts
  Lair:3: 1571 daAuts
     D:2: 1501 daAuts
    D:12: 1501 daAuts
     D:3: 1494 daAuts
     D:7: 1484 daAuts
  Lair:5: 1356 daAuts
     D:4: 1188 daAuts
     D:1: 1176 daAuts
     D:8: 1073 daAuts
    D:11: 1000 daAuts
  Lair:4: 987 daAuts
  Lair:1: 963 daAuts
